[Event "55th Biel Festival MTO 2022"]
[Site "Biel"]
[Date "2022.07.21"]
[Round "8.20"]
[White "Sahithi Varshini M"]
[Black "Gurel, Ediz"]
[Result "0-1"]
[ECO "B43"]
[WhiteElo "2312"]
[BlackElo "2435"]
[Annotator "TA"]
[PlyCount "124"]
[EventDate "2022.07.13"]
[EventType "swiss"]
[EventCountry "SUI"]
[SourceTitle "playchess.com"]
[Source "ChessBase"]
[SourceQuality "1"]
[TimeControl "40/5400+30:1800+30"]

1. e4 c5 2. Nf3 e6 3. d4 cxd4 4. Nxd4 a6 5. Nc3 Qc7 6. g3 Bb4 7. Bd2 Nf6 8. Bg2 Nc6 9. Nb3 {[%emt 0:06:41] B43: Sicilian: Kan Variation: 5 Nc3.} O-O {[%emt 0:00:14] [#]} 10. Ne2 $146 (10. O-O {with more complications.} d6 11. f4 b5 12. g4) ({Predecessor:} 10. O-O Be7 11. f4 d6 12. g4 Re8 13. g5 Nd7 14. a4 Bf8 15. Kh1 Rb8 16. Qh5 g6 {½-½ (74) Fressinet,L (2652)-Sadikhov,U (2488) Skopje 2019}) 10... Be7 11. O-O {[%emt 0:05:35] The position is equal.} Ne5 12. Bc3 d6 13. Ned4 Bd7 14. Qe2 Rac8 15. Rfe1 b5 16. Nf3 Bc6 (16... Nc4 $142) 17. Nxe5 $11 dxe5 18. Ba5 Qb8 19. c3 Ba8 20. a3 Bd8 21. Bb4 Re8 22. a4 bxa4 23. Rxa4 Bc6 $1 24. Ra3 (24. Qxa6 $2 Bxa4 25. Qxa4 Be7 $19) (24. Rxa6 Bb5 25. Ra8 Qxa8 $17) 24... Bb6 25. Ba5 ({Much worse is} 25. Rxa6 Bb5 $1 26. Rxb6 Qxb6 $17) 25... Bb5 26. Qc2 Ba7 $36 {[%emt 0:04:55][%mdl 2048] aiming for ...Ng4. Black fights for an advantage.} 27. Bf3 {[%emt 0:01:05] Against Ng4} h5 28. h3 {[%emt 0:01:40] Inhibits Ng4.} h4 29. g4 (29. gxh4 $5 Qb7 30. Rc1 $11) 29... Nh7 30. Kg2 (30. Nd2 $15) 30... Nf8 $1 $19 ({Not} 30... Ng5 31. Nd2 $17) 31. Nc1 Ng6 32. b3 {[%emt 0:00:05] [#]} Qd6 ({Black should try} 32... f5 $1 $17 {Hoping for ...Rf8.} 33. Ra2 Rf8 34. gxf5 Nf4+ 35. Kh2 exf5) 33. Ra2 $1 $15 Qe7 34. c4 Nf4+ 35. Kh2 Qf6 {[%emt 0:00:11][%cal Of4h3] ...Nxh3! is the strong threat.} 36. Bg2 Bc6 37. f3 Bb7 38. Rd1 Be3 39. Ne2 Rf8 40. Qc3 Bf2 41. Kh1 Nxe2 42. Rxe2 Bd4 43. Qc1 Bc6 44. Be1 Rfd8 45. g5 Qe7 46. Bxh4 g6 47. Be1 Kg7 (47... Rb8 $11 {remains equal.}) 48. f4 ({White should play} 48. h4 $16) 48... Bb7 49. h4 Qc5 50. Bf3 exf4 51. Qxf4 Be5 52. Qc1 a5 53. Kg2 Rxd1 54. Qxd1 a4 55. bxa4 Qxc4 56. Bg3 Bxg3 57. Kxg3 Qc7+ 58. Kg2 Qf4 59. Qe1 Ba6 60. Rb2 (60. Qd2 $11 {and White is okay.} Qxh4 61. Re1) 60... Rc1 $19 61. Qf2 ({Avoid the trap} 61. Qd2 $2 Bf1+ 62. Kf2 Qxh4+ 63. Ke3 {[#]} e5 $1 64. Qxc1 Qxg5+ 65. Kf2 Qxc1) (61. Bd1 $142 Bd3 62. Rf2 Bxe4+ 63. Kf1) 61... Bf1+ 62. Kg1 Bh3+ {[%emt 0:00:00] Weighted Error Value: White=0.43/Black=0.10 (very precise)} 0-1

[Event "55th Biel Festival MTO 2022"]
[Site "Biel"]
[Date "2022.07.21"]
[Round "8.21"]
[White "Popiol Michal"]
[Black "Hilby Craig"]
[Result "0-1"]
[ECO "A40"]
[WhiteElo "2118"]
[BlackElo "2422"]
[Annotator "ChessBase"]
[PlyCount "78"]
[EventDate "2022.07.13"]
[EventType "swiss"]
[EventCountry "SUI"]
[SourceTitle "playchess.com"]
[Source "ChessBase"]
[SourceQuality "1"]
[TimeControl "40/5400+30:1800+30"]

1. d4 g6 2. c4 Bg7 3. Nc3 e6 4. Nf3 Ne7 5. h4 d5 6. h5 c5 7. dxc5 Nbc6 8. e3 O-O 9. Bd2 Nf5 10. Na4 Qe7 11. b4 Rd8 12. Rc1 d4 13. e4 Ne3 14. Qe2 Ng4 15. Ng5 e5 16. hxg6 hxg6 17. a3 d3 18. Qd1 f6 19. Nf3 f5 20. Nc3 Nf6 21. Ng5 fxe4 22. Ncxe4 Bf5 23. f3 Rd4 24. b5 Bxe4 25. fxe4 Nxe4 26. Nf3 Nxd2 27. Qxd2 e4 28. bxc6 exf3+ 29. Kd1 Qe4 30. Rb1 Qxc6 31. Rb3 Qe4 32. Bxd3 Rad8 33. Re1 Rxd3 34. Rxd3 Qxd3 35. Re8+ Kh7 36. Rxd8 Qb1+ 37. Qc1 Qxc1+ 38. Kxc1 fxg2 39. Rd1 Bd4 0-1

[Event "55th Biel Festival MTO 2022"]
[Site "Biel"]
[Date "2022.07.21"]
[Round "8.22"]
[White "Korley Kassa"]
[Black "Aziz, Husain"]
[Result "1-0"]
[ECO "A07"]
[WhiteElo "2421"]
[BlackElo "2380"]
[Annotator "RC"]
[PlyCount "39"]
[EventDate "2022.07.13"]
[EventType "swiss"]
[EventCountry "SUI"]
[SourceTitle "playchess.com"]
[Source "ChessBase"]
[SourceQuality "1"]
[TimeControl "40/5400+30:1800+30"]

1. Nf3 d5 2. g3 Nd7 3. Bg2 e5 4. d3 Ngf6 5. O-O Bd6 6. c4 c6 7. cxd5 cxd5 8. Nc3 O-O 9. Bd2 a6 10. Rc1 b5 11. Nh4 Nb6 12. e4 Be6 13. exd5 Nbxd5 14. Ne4 Be7 15. Nf3 Qb8 16. Qe2 Bg4 17. Nxf6+ Bxf6 18. Qe4 Bxf3 19. Bxf3 Nb6 20. Qf5 1-0

[Event "55th Biel Festival MTO 2022"]
[Site "Biel"]
[Date "2022.07.21"]
[Round "8.23"]
[White "Materia, Marco"]
[Black "Tanmay Chopra"]
[Result "1/2-1/2"]
[ECO "D41"]
[WhiteElo "2409"]
[BlackElo "2322"]
[Annotator "TA"]
[PlyCount "59"]
[EventDate "2022.07.13"]
[EventType "swiss"]
[EventCountry "SUI"]
[SourceTitle "playchess.com"]
[Source "ChessBase"]
[SourceQuality "1"]
[TimeControl "40/5400+30:1800+30"]

1. d4 Nf6 2. c4 e6 3. Nf3 d5 4. Nc3 c5 5. cxd5 Nxd5 6. g3 Nxc3 7. bxc3 cxd4 8. cxd4 {[%emt 0:00:24] The position is equal.} Bb4+ {[%emt 0:00:08] D41: Queen's Gambit Declined: Semi-Tarrasch with 5 cxd5.} 9. Bd2 Bxd2+ 10. Qxd2 b6 11. Bg2 Bb7 $1 12. O-O O-O 13. Rfe1 Be4 14. Ne5 Bxg2 15. Kxg2 Nc6 16. Nxc6 Qd5+ 17. e4 Qxc6 18. d5 exd5 19. exd5 Qd6 {[%emt 0:00:06] [#]} 20. Re4 $146 ({Predecessor:} 20. Red1 Rac8 21. Rac1 h6 22. Rc3 Rxc3 23. Qxc3 Rd8 24. Qc4 Rd7 25. a4 Rc7 26. Qe4 Re7 27. Qc4 Rc7 28. Qe4 Re7 29. Qc4 {½-½ (29) Poleg,D (2268)-Mirzoyan,D (2345) Ahmedabad 2017}) 20... Rfd8 21. Rd1 Rac8 22. h4 h6 23. Qe2 Kf8 24. Qb2 h5 25. Qe2 g6 26. Rf4 Rc7 27. Rd3 Re7 28. Qd2 Re5 29. Rdf3 Rd7 30. Rf6 $1 {[%emt 0:01:24] A balanced but interesting game.  Weighted Error Value: White=0.03 (flawless) /Black=0.01 (flawless)} 1/2-1/2

[Event "55th Biel Festival MTO 2022"]
[Site "Biel"]
[Date "2022.07.21"]
[Round "8.24"]
[White "Shubin Daniel"]
[Black "Peyrer, Konstantin"]
[Result "0-1"]
[ECO "B17"]
[WhiteElo "2120"]
[BlackElo "2406"]
[Annotator "ChessBase"]
[PlyCount "92"]
[EventDate "2022.07.13"]
[EventType "swiss"]
[EventCountry "SUI"]
[SourceTitle "playchess.com"]
[Source "ChessBase"]
[SourceQuality "1"]
[TimeControl "40/5400+30:1800+30"]

1. e4 c6 2. d4 d5 3. Nc3 dxe4 4. Nxe4 Nd7 5. Bd3 Ngf6 6. Nxf6+ Nxf6 7. c3 g6 8. Ne2 Bg7 9. O-O O-O 10. b4 Nd5 11. Qb3 a5 12. bxa5 Qxa5 13. c4 Nc7 14. Bb2 Ne6 15. Rfd1 Rd8 16. Bc2 Qa7 17. Qb4 c5 18. dxc5 Rxd1+ 19. Bxd1 Qxc5 20. Qxc5 Nxc5 21. Bxg7 Kxg7 22. a4 Be6 23. Nd4 Bd7 24. Nb3 Rxa4 25. Rxa4 Nxa4 26. c5 Be6 27. c6 bxc6 28. Nd4 Nc3 29. Nxe6+ fxe6 30. Bb3 Kf6 31. f3 e5 32. Kf2 e4 33. f4 e5 34. Ke3 exf4+ 35. Kxf4 g5+ 36. Ke3 Ke5 37. Bc4 Nd5+ 38. Ke2 Kd4 39. Ba6 c5 40. g3 c4 41. h4 h6 42. hxg5 hxg5 43. g4 c3 44. Kd1 Nb4 45. Be2 c2+ 46. Kc1 Kc3 0-1

[Event "55th Biel Festival MTO 2022"]
[Site "Biel"]
[Date "2022.07.21"]
[Round "8.25"]
[White "Katz, Alexander"]
[Black "Abdulrahman Mohammad, Al Taher"]
[Result "1-0"]
[ECO "D35"]
[WhiteElo "2402"]
[BlackElo "2029"]
[Annotator "ChessBase"]
[PlyCount "103"]
[EventDate "2022.07.13"]
[EventType "swiss"]
[EventCountry "SUI"]
[SourceTitle "playchess.com"]
[Source "ChessBase"]
[SourceQuality "1"]
[TimeControl "40/5400+30:1800+30"]

1. Nf3 d5 2. c4 e6 3. d4 Nf6 4. Nc3 Be7 5. Bf4 O-O 6. e3 Nbd7 7. cxd5 exd5 8. Bd3 c6 9. O-O Nh5 10. Be5 Nxe5 11. Nxe5 g6 12. Rb1 Bd6 13. f4 Qe7 14. Qf3 f6 15. Nxg6 hxg6 16. Bxg6 Ng7 17. f5 Bxf5 18. Bxf5 Nxf5 19. Qxf5 Qxe3+ 20. Kh1 Rae8 21. Rf3 Qe7 22. Qg6+ Qg7 23. Rxf6 Rxf6 24. Qxe8+ Kh7 25. Qe3 Rh6 26. h3 Rg6 27. Rg1 Rg3 28. Qf2 Rd3 29. Qf5+ Qg6 30. Qd7+ Kg8 31. Qc8+ Kh7 32. Qxb7+ Kg8 33. Qa8+ Kh7 34. Qxa7+ Kh6 35. Qa8 Kh7 36. Qb7+ Kh6 37. Qc8 Kh7 38. Qd7+ Kg8 39. Re1 Rxd4 40. Qe6+ Qxe6 41. Rxe6 Bf4 42. Rxc6 Rd2 43. g3 Be5 44. Re6 Bc7 45. Nb5 Ba5 46. Rd6 Kf7 47. a3 Ke7 48. Ra6 Bd8 49. b4 d4 50. Rd6 d3 51. Rd5 Bb6 52. Nc3 1-0

[Event "55th Biel Festival MTO 2022"]
[Site "Biel"]
[Date "2022.07.21"]
[Round "8.26"]
[White "Dishman, Stephen"]
[Black "Gaehwiler, Gabriel"]
[Result "0-1"]
[ECO "A35"]
[WhiteElo "2252"]
[BlackElo "2420"]
[Annotator "RC"]
[PlyCount "159"]
[EventDate "2022.07.13"]
[EventType "swiss"]
[EventCountry "SUI"]
[SourceTitle "playchess.com"]
[Source "ChessBase"]
[SourceQuality "1"]
[TimeControl "40/5400+30:1800+30"]

1. Nf3 c5 2. c4 Nc6 3. g3 e5 4. Nc3 f5 5. d3 Nf6 6. Bg2 Be7 7. O-O O-O 8. Bg5 d6 9. Rb1 Be6 10. Nd2 Kh8 11. Bxf6 Bxf6 12. a3 a5 13. Nd5 Bg5 14. f4 Bh6 15. e3 g6 16. Kh1 Re8 17. Qc2 Bf7 18. Rbe1 Bg7 19. Nb1 Bg8 20. Nbc3 Rf8 21. Rb1 Re8 22. Qd2 exf4 23. gxf4 Bxd5 24. Nxd5 Ne7 25. b4 cxb4 26. axb4 a4 27. d4 Nxd5 28. Bxd5 Qe7 29. Rfe1 a3 30. Ra1 Ra4 31. Ra2 Bf6 32. Qc3 Kg7 33. Ree2 Qc7 34. Red2 Qe7 35. Re2 Rc8 36. b5 Raxc4 37. Qxa3 Rc3 38. Qa7 R8c7 39. b6 Rd7 40. Qa4 Rd8 41. e4 Rc1+ 42. Kg2 Bg5 43. exf5 Qf6 44. Rac2 Bxf4 45. Rxc1 Bxc1 46. Qc2 Bg5 47. fxg6 Qxg6 48. Qxg6+ hxg6 49. Bxb7 Rb8 50. Rc2 Be3 51. Rc7+ Kh6 52. d5 Bxb6 53. Re7 Rf8 54. Re2 Bd4 55. Bc6 Be5 56. Bd7 Rf4 57. h3 Kg5 58. Rd2 Rb4 59. Rd3 Bf4 60. Rf3 Kf6 61. Be6 g5 62. Bg4 Ke5 63. Be6 Ke4 64. Rf2 Be3 65. Ra2 Kf4 66. Bg4 Rd4 67. Be6 Rd1 68. Rc2 Bc5 69. Ra2 Rd3 70. Rc2 Rg3+ 71. Kf1 Kf3 72. Bg4+ Ke4 73. Be6 Kd3 74. Bf5+ Kd4 75. Be6 Ke4 76. Re2+ Kd3 77. Bf5+ Kc3 78. Rc2+ Kb3 79. Ke2 Re3+ 80. Kd2 0-1

[Event "55th Biel Festival MTO 2022"]
[Site "Biel"]
[Date "2022.07.21"]
[Round "8.27"]
[White "Dushyant Sharma"]
[Black "Kamber Bruno"]
[Result "1-0"]
[ECO "B82"]
[WhiteElo "2416"]
[BlackElo "2225"]
[Annotator "RC"]
[PlyCount "61"]
[EventDate "2022.07.13"]
[EventType "swiss"]
[EventCountry "SUI"]
[SourceTitle "playchess.com"]
[Source "ChessBase"]
[SourceQuality "1"]
[TimeControl "40/5400+30:1800+30"]

1. e4 c5 2. Nf3 e6 3. d4 cxd4 4. Nxd4 Nc6 5. Nc3 Qc7 6. f4 a6 7. Be3 b5 8. Bd3 Bb7 9. Nb3 d6 10. Qf3 Nf6 11. O-O Nb4 12. a3 Nxd3 13. cxd3 d5 14. Rac1 dxe4 15. dxe4 Qb8 16. Nc5 Bxc5 17. Bxc5 Nd7 18. Bd4 f6 19. Qh5+ Ke7 20. Rfd1 g6 21. Qh4 Kf7 22. Be3 Qe8 23. Rd6 Rc8 24. Rcd1 Nf8 25. e5 fxe5 26. fxe5 Qe7 27. Bg5 Qc7 28. Qf2+ Kg8 29. Bh6 Qe7 30. Rf1 Nd7 31. Rxd7 1-0

[Event "55th Biel Festival MTO 2022"]
[Site "Biel"]
[Date "2022.07.21"]
[Round "8.28"]
[White "Aaron Deepak"]
[Black "Stijve, Theo"]
[Result "1-0"]
[ECO "A17"]
[WhiteElo "2221"]
[BlackElo "2394"]
[Annotator "TA"]
[PlyCount "63"]
[EventDate "2022.07.13"]
[EventType "swiss"]
[EventCountry "SUI"]
[SourceTitle "playchess.com"]
[Source "ChessBase"]
[SourceQuality "1"]
[TimeControl "40/5400+30:1800+30"]

1. c4 e6 2. Nc3 d5 3. e3 Nf6 4. a3 c5 5. cxd5 exd5 6. d4 {[%emt 0:01:09] A17: English Opening: 1...Nf6 with ...Bb4.} Nc6 7. Nf3 Bg4 8. Bb5 {[%emt 0:04:34][%cal Bf1b5,Bb5a4,Ba4c2][%mdl 32] [#] The position is equal.} c4 $146 ({Predecessor:} 8... cxd4 9. Qxd4 Bxf3 10. gxf3 Be7 11. Qa4 O-O 12. Ne2 Rc8 13. Bd2 a6 14. Bxc6 bxc6 15. Qxa6 {1-0 (46) Mamedyarov,S (2764)-Batsiashvili,N (2457) Playchess.com INT 2020}) 9. h3 Bxf3 10. Qxf3 Bd6 11. Bd2 a6 (11... Bc7 $142 $1) 12. Ba4 $36 {[%emt 0:00:54][%mdl 2048] White is more active.} (12. Bxc6+ $5 bxc6 13. e4 Nxe4 14. Nxe4 $11) 12... b5 (12... Bc7 $11 {keeps the balance.}) 13. Bc2 $1 $16 ({Don't play} 13. Nxd5 $6 Nxd5 14. Qxd5 Ne7 15. Bxb5+ Kf8 16. Qxc4 axb5 17. Qxb5 Rb8 $11) 13... Bc7 {[%emt 0:03:09] [#]} 14. g4 $1 h6 {[%emt 0:04:03] [#]} 15. h4 $1 {[%emt 0:04:56] g5 is the strong threat.} Qe7 $2 {[%emt 0:17:55] A mistake that costs the game.} (15... b4 $16) 16. Nxd5 $18 Qd6 (16... Nxd5 {keeps fighting.} 17. Qxd5 Qd6) 17. Nxc7+ ({Much less strong is} 17. Nb4 Nxb4 18. Qxa8+ Ke7 19. Bxb4 (19. Qxh8 Nxc2+ 20. Kd1 Qe6 $11) 19... Rxa8 $18) 17... Qxc7 18. g5 Nd7 19. Be4 Rc8 20. Rg1 hxg5 21. Rxg5 Kf8 (21... Qd6 $142 22. Rxg7 Qf6 23. Bxc6 Rxc6) 22. Bc3 {[%emt 0:06:48] Strongly threatening Bxc6.} f6 23. Rh5 Rxh5 24. Qxh5 Nb6 25. O-O-O b4 26. axb4 {[%emt 0:00:49] And now b5 would win.} Ne7 27. d5 {[%emt 0:01:34] aiming for d6.} Qd6 28. Rg1 {[%emt 0:01:00] White wants to mate with Qh8+.} Rc7 29. Qh8+ {[%emt 0:00:59] White mates.} Ng8 30. Bh7 Qxd5 31. Rd1 Qf7 32. Bxg8 {[%emt 0:00:34] Weighted Error Value: White=0.13 (very precise) /Black=0.69} 1-0

[Event "55th Biel Festival MTO 2022"]
[Site "Biel"]
[Date "2022.07.21"]
[Round "8.29"]
[White "Ajay Krishna, S."]
[Black "Mamedov, Edgar"]
[Result "1/2-1/2"]
[ECO "D13"]
[WhiteElo "2372"]
[BlackElo "2227"]
[Annotator "ChessBase"]
[PlyCount "154"]
[EventDate "2022.07.13"]
[EventType "swiss"]
[EventCountry "SUI"]
[SourceTitle "playchess.com"]
[Source "ChessBase"]
[SourceQuality "1"]
[TimeControl "40/5400+30:1800+30"]

1. d4 d5 2. Nf3 Nf6 3. Bf4 c5 4. c3 cxd4 5. cxd4 Nc6 6. Nc3 a6 7. e3 Bg4 8. h3 Bxf3 9. Qxf3 e6 10. Be2 Bd6 11. Bg5 O-O 12. O-O h6 13. Bh4 Rc8 14. Rac1 Be7 15. Bd3 b5 16. a4 Nb4 17. Bb1 Qd7 18. axb5 axb5 19. Qe2 Rb8 20. f3 Na6 21. Bg3 Bd6 22. Bxd6 Qxd6 23. Nxb5 Qb6 24. Nc3 Rfc8 25. Rf2 Nb4 26. Rd1 Nc6 27. f4 g6 28. g4 Kg7 29. h4 h5 30. gxh5 Nxh5 31. Rg2 Rh8 32. f5 exf5 33. Bxf5 Ne7 34. Bg4 Nf6 35. h5 Rh6 36. hxg6 Nxg6 37. Bf3 Rbh8 38. Kf2 Qd6 39. Rdg1 Rh2 40. Ke1 Rxg2 41. Rxg2 Qe6 42. Rg5 Re8 43. Kd2 Rb8 44. Kc1 Re8 45. Kd2 Rb8 46. Kc2 Rd8 47. Qd3 Qh3 48. Qf5 Qxf5+ 49. Rxf5 Nh4 50. Rg5+ Kh6 51. Rg3 Nf5 52. Rh3+ Kg7 53. Kd3 Rb8 54. Rh2 Ne7 55. Rg2+ Kf8 56. Re2 Ke8 57. Rf2 Kf8 58. Bd1 Kg7 59. Ba4 Ng6 60. Rg2 Kf8 61. Kc2 Ke7 62. Bb3 Kd6 63. Ba2 Ne7 64. Kd3 Nc6 65. Rf2 Nb4+ 66. Ke2 Ng4 67. Rxf7 Nxa2 68. Nxa2 Rxb2+ 69. Kf3 Nh2+ 70. Kg3 Rxa2 71. Rf6+ Ke7 72. Rf4 Ke6 73. e4 dxe4 74. Rxe4+ Kd5 75. Rf4 Rd2 76. Rf2 Rxf2 77. Kxf2 Kxd4 1/2-1/2

[Event "55th Biel Festival MTO 2022"]
[Site "Biel"]
[Date "2022.07.21"]
[Round "8.30"]
[White "Papadiamandis, Elliot"]
[Black "Meduri, Aakaash"]
[Result "0-1"]
[ECO "B12"]
[WhiteElo "2369"]
[BlackElo "2000"]
[Annotator "ChessBase"]
[PlyCount "98"]
[EventDate "2022.07.13"]
[EventType "swiss"]
[EventCountry "SUI"]
[SourceTitle "playchess.com"]
[Source "ChessBase"]
[SourceQuality "1"]
[TimeControl "40/5400+30:1800+30"]

1. e4 Na6 2. d4 c6 3. Nf3 g6 4. Nc3 Bg7 5. Bf4 Nc7 6. e5 Ne6 7. Be3 Nh6 8. Qd2 Nf5 9. O-O-O Nxe3 10. fxe3 d5 11. exd6 Qxd6 12. Kb1 O-O 13. Bc4 Qb4 14. Bb3 a5 15. a3 Qb6 16. h4 h6 17. Rhf1 Qc7 18. h5 g5 19. Ne2 c5 20. d5 c4 21. dxe6 cxb3 22. exf7+ Rxf7 23. cxb3 Bf5+ 24. Ka1 Raf8 25. Nfd4 Bg4 26. Rxf7 Rxf7 27. Rc1 Qe5 28. Nc3 Bxh5 29. Na4 Bg6 30. Nc5 Qd5 31. Nce6 Bxd4 32. Rc8+ Kh7 33. Nf8+ Rxf8 34. Rxf8 Qe4 35. Rf1 Qxe3 36. Qd1 Bf6 37. Re1 Qd3 38. Qxd3 Bxd3 39. Re6 Kg7 40. a4 Kf7 41. Re3 Bf5 42. Ka2 Bd4 43. Rf3 Kg6 44. b4 axb4 45. Kb3 e5 46. Kxb4 Bxb2 47. Kc5 Be4 48. Rb3 Bd4+ 49. Kc4 Bxg2 0-1

[Event "55th Biel Festival MTO 2022"]
[Site "Biel"]
[Date "2022.07.21"]
[Round "8.31"]
[White "Louis, Thibault"]
[Black "Unuk, Laura"]
[Result "0-1"]
[ECO "C01"]
[WhiteElo "2140"]
[BlackElo "2340"]
[Annotator "TA"]
[PlyCount "126"]
[EventDate "2022.07.13"]
[EventType "swiss"]
[EventCountry "SUI"]
[SourceTitle "playchess.com"]
[Source "ChessBase"]
[SourceQuality "1"]
[TimeControl "40/5400+30:1800+30"]

1. e4 e6 2. d4 d5 3. exd5 exd5 4. Nf3 Nc6 5. Bb5 Bd6 6. Nc3 {[%emt 0:00:35] C01: French: Exchange Variation.} Nge7 7. Bg5 f6 8. Bh4 {[%emt 0:00:19] [#] Black has an edge.} a6 $146 ({Predecessor:} 8... Bg4 9. h3 Bh5 10. Qd3 Qd7 11. O-O-O O-O-O 12. Kb1 Bg6 13. Qd2 Nf5 14. Nxd5 a6 {0-1 (55) Bidault,R-Lavanant,A (1955) Europe Echecs INT 2022}) 9. Be2 (9. Bxc6+ $5 bxc6 10. O-O $11) 9... Bf5 10. Bg3 Qd7 11. Qd2 g5 12. Nd1 h5 13. Bxd6 Qxd6 14. Ne3 Be4 15. O-O-O O-O-O 16. h4 (16. Ne1 $11) 16... g4 $15 17. Ne1 Kb8 {[%emt 0:00:21] Black is more active.} (17... f5 $1 $17) 18. f3 $11 gxf3 19. gxf3 Bh7 20. c3 Rde8 21. Bd3 Qf4 22. N3g2 Qg3 23. Nf4 Bxd3 24. Rh3 (24. Nexd3 $16 {Threatens to win with Rdg1.} Qxf3 25. Nc5) 24... Qg8 {[%emt 0:01:44] ...Bb5 is the strong threat.} 25. Nexd3 Nf5 26. Re1 Qf7 27. Rh2 Na5 28. b3 Nc6 29. Nc5 Rxe1+ 30. Qxe1 Re8 31. Re2 Rxe2 32. Nxe2 Qe7 33. Qf2 b6 34. Nd3 Qh7 35. Nef4 Nce7 36. Qe1 Qf7 37. Kb2 a5 38. Kc2 Ng6 39. Qe6 Qxe6 40. Nxe6 Nfxh4 41. Nef4 Nxf4 42. Nxf4 Nxf3 43. Nxh5 $15 {[%emt 0:01:32][%mdl 4096] Endgame KN-KN} f5 44. Kd3 (44. Ng7 $11) 44... Ng5 $1 45. Ke3 b5 ({Better is} 45... Ne4 $17 46. Kd3 Kb7) 46. Nf4 c6 47. Ne2 $1 Ne6 48. Nf4 Ng7 49. Nd3 Nh5 (49... Kc7 $5 ) 50. c4 (50. Nf4 $11 Ng3 51. Kf3) 50... dxc4 ({Reject} 50... bxc4 51. bxc4 Kc8 52. cxd5 cxd5 53. a4 $11) 51. bxc4 Kc7 {[%emt 0:03:04] And now ...Nf6 would win.} 52. c5 $2 {[%emt 0:00:33][%mdl 8192] Loses the game.} ({White should try} 52. Ne5 $15) 52... b4 $1 $19 53. d5 $2 (53. Kf3) 53... cxd5 54. Kd4 Nf6 55. Ke5 Ne4 {[%emt 0:00:09] Strongly threatening ...Nc3.} 56. Kxd5 Nc3+ 57. Kc4 Nxa2 58. Kb5 {[%emt 0:00:16] [#]} b3 $1 {[%emt 0:00:18][%cal Of5f4] Hoping for ...f4!} 59. Kxa5 {[%emt 0:00:50] [#]} Nc1 $1 {[%emt 0:01:36][%mdl 512] Black mates.} 60. Nb2 {[%emt 0:00:16] [#]} (60. Ka4 Nxd3) 60... f4 $1 61. Nd1 f3 62. Ka4 b2 63. Nxb2 f2 {[%emt 0:00:07] Weighted Error Value: White=0.60/Black=0.09 (flawless)} 0-1

[Event "55th Biel Festival MTO 2022"]
[Site "Biel"]
[Date "2022.07.21"]
[Round "8.34"]
[White "Bewersdorff Oliver"]
[Black "Jaksland Tim"]
[Result "1/2-1/2"]
[ECO "D38"]
[WhiteElo "2280"]
[BlackElo "2149"]
[Annotator "ChessBase"]
[PlyCount "67"]
[EventDate "2022.07.13"]
[EventType "swiss"]
[EventCountry "SUI"]
[SourceTitle "playchess.com"]
[Source "ChessBase"]
[SourceQuality "1"]
[TimeControl "40/5400+30:1800+30"]

1. c4 Nf6 2. Nf3 e6 3. Nc3 d5 4. d4 Bb4 5. cxd5 exd5 6. Bg5 h6 7. Bxf6 Qxf6 8. Qb3 c5 9. e3 Nc6 10. dxc5 Be6 11. Bb5 Bxc5 12. Qa4 O-O 13. O-O Rac8 14. Rad1 Rfd8 15. Rd2 Bb6 16. Rfd1 Ne5 17. Nxe5 Qxe5 18. Be2 Rd7 19. Nb5 a6 20. Nd4 Bxd4 21. Rxd4 Rdc7 22. R4d2 Rc1 23. g3 Qe4 24. Qd4 Qxd4 25. Rxd4 R8c2 26. Rxc1 Rxc1+ 27. Bd1 Bg4 28. Rxg4 Rxd1+ 29. Kg2 Rd2 30. Rb4 b5 31. a4 bxa4 32. Rxa4 Rxb2 33. Rxa6 Kf8 34. Ra8+ 1/2-1/2

[Event "55th Biel Festival MTO 2022"]
[Site "Biel"]
[Date "2022.07.21"]
[Round "8.35"]
[White "Foerster-Yialamas, Lucas"]
[Black "Nideroest, Bruno"]
[Result "1/2-1/2"]
[ECO "B32"]
[WhiteElo "2147"]
[BlackElo "2258"]
[Annotator "ChessBase"]
[PlyCount "90"]
[EventDate "2022.07.13"]
[EventType "swiss"]
[EventCountry "SUI"]
[SourceTitle "playchess.com"]
[Source "ChessBase"]
[SourceQuality "1"]
[TimeControl "40/5400+30:1800+30"]

1. e4 c5 2. Nf3 Nc6 3. d4 cxd4 4. Nxd4 e5 5. Nb5 d6 6. N1c3 a6 7. Na3 Be7 8. Nc4 b5 9. Ne3 Nf6 10. Ned5 O-O 11. Be3 Rb8 12. Be2 b4 13. Nxf6+ Bxf6 14. Nd5 Bg5 15. O-O Bxe3 16. Nxe3 a5 17. Bc4 Qb6 18. Qd3 Rd8 19. Rfd1 Qc5 20. Rd2 a4 21. Rad1 Nd4 22. c3 bxc3 23. bxc3 Ne6 24. Qd5 Qc7 25. f3 g6 26. g3 Nc5 27. Re2 a3 28. Qd2 Kg7 29. Nd5 Qa7 30. Kg2 Be6 31. Qg5 Bxd5 32. Bxd5 h6 33. Qc1 Rb6 34. f4 Rdb8 35. fxe5 Rb2 36. Qe3 Rxe2+ 37. Qxe2 dxe5 38. Rd2 Rb1 39. Qf2 Qc7 40. h4 h5 41. Kh2 Qe7 42. Bc6 Rb6 43. Bd5 Rb1 44. Bc6 Rb6 45. Bd5 Rb1 1/2-1/2